 Dungeon Crawl Stone Soup version 0.19.1-1-g22dce08 (console) character file.

370 Kloppie the Skirmisher (level 6, 0/85 HPs)
             Began as a Draconian Berserker on Jan 11, 2017.
             Was a Priest of Trog.
             Slain by Duvessa
             ... wielding a +2 short sword of venom
              (4 damage)
             ... on level 4 of the Dungeon.
             The game lasted 00:03:35 (3176 turns).

Kloppie the Skirmisher (Draconian Berserker)        Turns: 3176, Time: 00:03:35

Health: 0/85       AC:  8    Str: 24    XL:     6   Next: 42%
Magic:  6/6        EV: 12    Int:  7    God:    Trog [***...]
Gold:   221        SH:  4    Dex: 13    Spells: 0 memorised, 5 levels left

rFire  . . .     SeeInvis .     a - +0 falchion
rCold  . . .     Gourm    .     (armour unavailable)
rNeg   . . .     Faith    .     o - +0 buckler
rPois  .         Spirit   .     (helmet restricted)
rElec  .         Reflect  .     (no cloak)
rCorr  .         Harm     .     f - +0 pair of gloves
MR     .....                    e - +0 pair of boots
Stlth  ..........               (no amulet)
                                (no ring)
                                (no ring)

@: berserking (expiring), lethally poisoned (0 -> -51), very quick
A: unfitting armour, cold-blooded, AC +6
a: Berserk, Trog's Hand, Burn Spellbooks, Renounce Religion


You were on level 4 of the Dungeon.
You worshipped Trog.
Trog was most pleased with you.
You were hungry.

You visited 1 branch of the dungeon, and saw 4 of its levels.

You collected 221 gold pieces.

Inventory:

Hand Weapons
 a - a +0 falchion (weapon)
Armour
 e - a +0 pair of boots (worn)
 f - a +0 pair of gloves (worn)
 o - a +0 buckler (worn)
Jewellery
 t - an uncursed ring of stealth {unknown}
Scrolls
 c - 2 scrolls of remove curse {unknown}
 d - 2 scrolls of identify {unknown}
 l - 2 scrolls of noise {unknown}
 n - a scroll of blinking {unknown}
 q - a scroll of magic mapping {unknown}
 r - a scroll of immolation {unknown}
Potions
 g - 2 potions of cure mutation {unknown}
 j - a potion of brilliance {unknown}
 m - a potion of lignification {unknown}
 p - a potion of degeneration {unknown}
Books
 s - a book of Unlife

   Spells                             Type                      Level
   a - Recall                         Summoning/Translocation      3
   b - Animate Dead                   Necromancy                   4
   c - Control Undead                 Necromancy                   4
   d - Cigotuvi's Embrace             Necromancy                   5
   e - Death Channel                  Necromancy                   6
   f - Simulacrum                     Ice/Necromancy               6
   Trog disapproves of the use of such an item.
Comestibles
 b - 3 bread rations
 h - 2 meat rations
 i - a beef jerky
 k - 2 fruits
 u - 3 chunks of flesh


   Skills:
 + Level 5.8 Fighting
 + Level 5.4 Long Blades
 - Level 2.6 Dodging
 + Level 1.7 Shields


You had 5 spell levels left.
You didn't know any spells.

Dungeon Overview and Level Annotations

Branches:
Dungeon (4/15)
 Temple: D:4-7

Altars:

Annotations:
D:4 Duvessa


Innate Abilities, Weirdness & Mutations

Your plain brown scales are hard. (AC +6)
You cannot fit into any form of body armour.
You are cold-blooded and may be slowed by cold attacks.


Message History

Duvessa says, "Where magic fails, the sword succeeds!"
Duvessa hits you with a short sword of venom!
* * * LOW HITPOINT WARNING * * *
You are more poisoned.
You slash Dowan!
You kill Dowan!
Trog accepts your kill.
Trog appreciates your killing of a magic user.
Duvessa screams, "No!
How DARE you!"
Duvessa goes berserk!
* * * LOW HITPOINT WARNING * * *
You feel sick. Duvessa barely misses you.
You riposte.
You closely miss Duvessa.
Duvessa is lightly wounded.
You hit Duvessa but do no damage. You tail-slap Duvessa!
Duvessa is moderately wounded.
* * * LOW HITPOINT WARNING * * *
You feel very sick.
Duvessa hits you with a short sword of venom.
You die...

# ###. ###
....# ##.#
e...>## #..#
#...##..##
#...#..# #.
##.###.##
##...#######.#
##.##
#.%...)@..=[%#
##.##
..##..e####.##
#..# #..# ###
#..# ## #.#
###..###. #.
#....##.. #
#........
###......
#......
#..#.(.


You could see Duvessa (berserk).

Vanquished Creatures
  An ogre (D:3)
  Dowan (D:4)
  2 worker ants (D:4)
  3 gnolls
  6 adders
  An adder skeleton (D:4)
  2 worms (D:2)
  3 dart slugs
  3 leopard geckos
  9 orcs
  2 ball pythons (D:1)
  2 giant cockroaches (D:3)
  16 goblins
  6 hobgoblins
  4 jackals (D:2)
  2 quokkas
  10 bats
  2 frilled lizards
  7 kobolds
  2 rats
84 creatures vanquished.

Notes
Turn   | Place    | Note
-------+----------+-------------------------------------------
     0 | D:1      | Kloppie the Draconian Berserker began the quest for the Orb.
     0 | D:1      | Reached XP level 1. HP: 19/19 MP: 1/1
   171 | D:1      | Reached XP level 2. HP: 26/26 MP: 2/2
   804 | D:2      | Reached ** piety under Trog
   804 | D:2      | Reached XP level 3. HP: 28/33 MP: 3/3
  1234 | D:2      | Reached XP level 4. HP: 40/41 MP: 4/4
  1906 | D:3      | Reached skill level 5 in Fighting
  1967 | D:3      | Noticed an ogre
  1972 | D:3      | HP: 2/63 [ogre/giant spiked club (25)]
  1975 | D:3      | Killed an ogre
  1975 | D:3      | Reached XP level 5. HP: 2/48 MP: 5/5
  2536 | D:3      | Reached *** piety under Trog
  2690 | D:4      | Reached skill level 5 in Long Blades
  3134 | D:4      | Reached XP level 6. HP: 54/57 MP: 6/6
  3135 | D:4      | Noticed Dowan
  3144 | D:4      | Reached skill level 1 in Shields
  3159 | D:4      | Noticed Duvessa
  3175 | D:4      | Killed Dowan
  3176 | D:4      | HP: 4/85 [poisoned by Duvessa]
  3176 | D:4      | Slain by Duvessa

Skill      XL: |  1  2  3  4  5  6 |
---------------+-------------------+-----
Fighting       | 4 5 |  5.8
Long Blades    | 4 5 |  5.4
Shields        | 1 |  1.7
Dodging        | |  2.6

Action                   |  1- 3 |  4- 6 || total
-------------------------+-------+-------++-------
Melee: Falchion          |   113 |   162 ||   275
       Tailslap          |    23 |    24 ||    47
Invok: Berserk           |       |     3 ||     3
  Eat: Chunk             |     1 |     9 ||    10
Armor: Skin              |    43 |    31 ||    74
Dodge: Dodged            |    69 |    95 ||   164
Block: Buckler           |       |    16 ||    16
       Rpst.: Falchion   |    14 |    25 ||    39
